 Dungeon Crawl Stone Soup version 0.21.1-1-g345015f (webtiles) character file.

63 Sniffi the Slasher (level 3, -3/31 HPs)
             Began as a Minotaur Gladiator on July 11, 2018.
             Killed from afar by a white imp (9 damage)
             ... with a puff of frost
             ... summoned by Natasha
             ... on level 2 of the Dungeon.
             The game lasted 00:06:05 (2153 turns).

Sniffi the Slasher (Minotaur Gladiator)             Turns: 2153, Time: 00:06:06

Health: -3/31      AC:  3    Str: 19    XL:     3   Next: 89%
Magic:  2/2        EV: 13    Int:  5    God:
Gold:   79         SH:  0    Dex:  9    Spells: 2/2 levels left

rFire    . . .     SeeInvis .   a - +0 long sword
rCold    . . .     Gourm    .   (no shield)
rNeg     . . .     Faith    .   b - +0 leather armour
rPois    .         Spirit   .   c - +0 hat
rElec    .         Reflect  .   (no cloak)
rCorr    .         Harm     .   (no gloves)
MR       .....                  (no boots)
Stlth    ++........             (no amulet)
HPRegen  0.10/turn              k - ring of stealth
MPRegen  0.08/turn              t - -2 ring of dexterity (curse)

@: lethally poisoned (-3 -> -7), slowed, very slow
A: retaliatory headbutt, horns 2
a: no special abilities


You were on level 2 of the Dungeon.
You were not hungry.

You visited 1 branch of the dungeon, and saw 2 of its levels.

You collected 79 gold pieces.

Inventory:

Hand Weapons
 a - a +0 long sword (weapon)
 f - a +0 hand axe
 h - a +0 mace
 n - a +0 mace
 r - a +0 short sword
Missiles
 d - 3 throwing nets (quivered)
 i - 48 arrows
Armour
 b - a +0 leather armour (worn)
 c - a +0 hat (worn)
Jewellery
 k - a ring of stealth (left hand)
 t - a cursed -2 ring of dexterity (right hand)
Scrolls
 e - a scroll of remove curse {unknown}
 g - 2 scrolls of identify {unknown}
Potions
 j - 2 potions of flight {unknown}
 m - a potion of invisibility {unknown}
 o - 2 potions of ambrosia {unknown}
 p - a potion of lignification {unknown}
 q - 2 potions of degeneration {unknown}
Comestibles
 s - a ration


   Skills:
 + Level 3.0 Fighting
 * Level 4.6 Long Blades
 + Level 2.1 Throwing
 + Level 1.7 Armour
 + Level 3.7 Dodging
 + Level 0.1 Stealth


You had 2 spell levels left.
You didn't know any spells.

Dungeon Overview and Level Annotations

Branches:
Dungeon (2/15)

Altars:

Annotations:
D:2 Natasha


Innate Abilities, Weirdness & Mutations

You reflexively headbutt those who attack you in melee.
You have a pair of horns on your head.


Message History

You are too injured to fight recklessly!
You are too injured to fight recklessly!
k - a ring of stealth (left hand)
You feel sick. Natasha casts a spell at you.
You feel yourself slow down.
You feel clumsy.
Oops, that ring feels deathly cold.
t - a cursed -2 ring of dexterity (right hand)
The white imp barely misses you.
You riposte.
You hit the white imp.
The white imp is lightly wounded.
Drop what? 20/52 slots (_ for help) (? for menu, Esc to quit)
Okay, then.
Quivering
d - 3 throwing nets for throwing.
Drop what? 20/52 slots (_ for help) (? for menu, Esc to quit)
You drop 2 bubbling puce potions.
Natasha claws you.
* * * LOW HITPOINT WARNING * * *
The white imp gestures at you. The puff of frost hits you!
You die...

##......# ........# #..#
#.#.....# #..# #†#.....#
#..# #.#.....# ##..#
........+ .... ........##
# #..# ...#.......##.#5h#
#..#............@# #
#..#.......##.##†###.####
#..........##.##..†......
#..#.......#......##....#
#..####.##.#..###.# #.#
#..## #.##.#..# #.#
#...###.##.#..###.##.##.
........##.#.....÷......#
...............##.##.##.#


You could see Natasha and a white imp.

Vanquished Creatures
  4 adders (D:2)
  A worm (D:2)
  2 leopard geckos
  3 giant cockroaches
  2 goblins (D:1)
  A ball python (D:2)
  5 bats
  3 frilled lizards
  3 kobolds (D:2)
  5 rats
29 creatures vanquished.

Notes
Turn   | Place    | Note
-------+----------+-------------------------------------------
     0 | D:1      | Sniffi the Minotaur Gladiator began the quest for the Orb.
     0 | D:1      | Reached XP level 1. HP: 18/18 MP: 0/0
   501 | D:1      | Reached skill level 4 in Long Blades
   501 | D:1      | Reached XP level 2. HP: 25/25 MP: 1/1
  1214 | D:2      | Reached XP level 3. HP: 27/30 MP: 2/2
  1762 | D:2      | Reached skill level 1 in Armour
  2146 | D:2      | Noticed Natasha
  2153 | D:2      | Killed from afar by a white imp

Skill      XL: |  1  2  3 |
---------------+----------+-----
Long Blades    | 4 |  4.6
Fighting       | 3 |  3.0
Armour         | 1 |  1.7
Throwing       | |  2.1
Dodging        | |  3.7
Stealth        | |  0.1

Action                   || total
-------------------------++-------
Melee: Long sword        ||    54
       Headbutt          ||     8
  Eat: Ration            ||     1
Armor: Leather armour    ||    10
Dodge: Dodged            ||    47
       Rpst.: Long sword ||    12
